 Dungeon Crawl Stone Soup version 0.18-a0-988-gb7d270e (webtiles) character file.

51 ChainedDjango the Skirmisher (level 3, -1/30 HPs)
             Began as a Demonspawn Gladiator on Jan 3, 2016.
             Succumbed to Ijyb's poison
             ... on level 2 of the Dungeon.
             The game lasted 00:02:10 (1384 turns).

ChainedDjango the Skirmisher (Demonspawn Gladiator) Turns: 1384, Time: 00:02:10

Health: -1/30      AC:  9    Str: 21    XL:     3   Next: 58%
Magic:  3/3        EV: 10    Int:  9    God:
Gold:   123        SH:  0    Dex: 13    Spells: 0 memorised, 2 levels left

rFire  . . .     SeeInvis .     a - +0 war axe
rCold  . . .     Gourm    .     s - +0 chain mail
rNeg   . . .     Faith    .     (no shield)
rPois  .         Spirit   .     c - +0 helmet
rElec  .         Dismiss  .     (no cloak)
rCorr  .         Reflect  .     (no gloves)
SustAt .         Harm     .     (no boots)
MR     .....                    (no amulet)
Stlth  ..........               (no ring)
                                (no ring)

@: mighty, lethally poisoned (-1 -> -49), not resistant to hostile enchantments,
extremely unstealthy
A: repulsion field 1, rot immunity
a: no special abilities


You were on level 2 of the Dungeon.
You were hungry.

You visited 1 branch of the dungeon, and saw 2 of its levels.

You collected 123 gold pieces.

Inventory:

Hand Weapons
 a - a +0 war axe (weapon)
Missiles
 d - 3 throwing nets (quivered)
Armour
 b - a +0 leather armour
 c - a +0 helmet (worn)
 s - a +0 chain mail (worn)
Scrolls
 e - 2 scrolls of amnesia {unknown}
 h - a scroll of blinking {unknown}
 i - 2 scrolls of identify {unknown}
 k - a scroll of teleportation {unknown}
 o - a scroll of enchant armour {unknown}
 w - a scroll of remove curse {unknown}
Potions
 g - a potion of heal wounds {unknown}
 j - a potion of cure mutation
 n - a potion of ambrosia {unknown}
 q - a potion of mutation {unknown}
 r - a potion of curing {unknown}
 t - a potion of lignification {unknown}
 u - a potion of brilliance {unknown}
 v - a potion of flight {unknown}
Comestibles
 f - a bread ration
 l - a beef jerky
 p - 4 fruits


   Skills:
 * Level 4.0 Fighting
 - Level 2.6 Axes
 - Level 1.7 Throwing
 - Level 2.6 Dodging


You had 2 spell levels left.
You didn't know any spells.

Dungeon Overview and Level Annotations

Branches:
Dungeon (2/15)

Altars:
Yredelemnul
The Shining One

Annotations:
D:2 Ijyb


Innate Abilities, Weirdness & Mutations

You are surrounded by a mild repulsion field (EV +2).
You are immune to rotting.


Message History

Ijyb closely misses you.
You miss Ijyb.
Ijyb is moderately wounded.
* * * LOW HITPOINT WARNING * * *
You feel very sick. Ijyb hits you with a dagger of venom.
* * * LOW HITPOINT WARNING * * *
You are more poisoned.
Ijyb barely misses you.
Drink which item? (? for menu, Esc to quit)
It was a potion of cure mutation.
It has a very clean taste.
* * * LOW HITPOINT WARNING * * *
You feel sick.
Ijyb screams, "You nasty!
Big nasty!"
Ijyb hits you but does no damage.
You are more poisoned.
Drink which item? (? for menu, Esc to quit)
It was a potion of might.
You feel very mighty all of a sudden.
You die...

#...# #...# #...## ####
#....# #.... #... #..
#.#
###############.########
)...............@g......
########################


You could see Ijyb.

Vanquished Creatures
  An ooze (D:1)
  A giant gecko (D:1)
  3 giant cockroaches (D:1)
  8 goblins
  5 hobgoblins
  3 jackals (D:1)
  A ball python (D:1)
  6 bats
  2 giant newts (D:1)
  5 kobolds
  7 rats
42 creatures vanquished.

Notes
Turn   | Place    | Note
--------------------------------------------------------------
     0 | D:1      | ChainedDjango the Demonspawn Gladiator began the quest for the Orb.
     0 | D:1      | Reached XP level 1. HP: 16/16 MP: 1/1
   221 | D:1      | Gained mutation: You are immune to rotting. [demonic ancestry]
   221 | D:1      | Reached XP level 2. HP: 18/23 MP: 2/2
   348 | D:1      | Reached skill level 3 in Fighting
   713 | D:1      | Gained mutation: You are surrounded by a mild repulsion field (EV +2). [demonic ancestry]
   713 | D:1      | Reached XP level 3. HP: 29/29 MP: 3/3
  1064 | D:2      | Found a basalt altar of Yredelemnul.
  1069 | D:2      | Found a glowing golden altar of the Shining One.
  1071 | D:2      | Noticed an angel
  1181 | D:2      | Reached skill level 4 in Fighting
  1368 | D:2      | Noticed Ijyb
  1384 | D:2      | Succumbed to Ijyb's poison

Vault maps used:
D:1:      sevenhm_arrival_forest_fort_large_2, hangedman_decor_push
D:2:      grunt_temple_overflow_holy_war, uniq_crazy_yiuf_cottage, uniq_iyjb

Action                   || total
-------------------------++-------
Melee: War axe           ||   144
  Use: Potion            ||     2
  Eat: Chunk             ||     1
